 Dungeon Crawl Stone Soup version 0.18-a0-965-g9200175 (webtiles) character file.

16 Yawgmoth the Magician (level 2, 0/15 HPs)
             Began as a Gargoyle Wizard on Jan 1, 2016.
             Slain by Natasha (2 damage)
             ... on level 2 of the Dungeon.
             The game lasted 00:03:26 (899 turns).

Yawgmoth the Magician (Gargoyle Wizard)              Turns: 899, Time: 00:03:26

Health: 0/15       AC:  4    Str: 10    XL:     2   Next: 54%
Magic:  0/6        EV: 12    Int: 18    God:
Gold:   58         SH:  0    Dex:  8    Spells: 3 memorised, 2 levels left

rFire  . . .     SeeInvis .     i - +0 short sword
rCold  . . .     Gourm    .     a - +0 robe
rNeg   + . .     Faith    .     (no shield)
rPois  ∞         Spirit   .     b - +0 hat
rElec  +         Dismiss  .     (no cloak)
rCorr  .         Reflect  .     (no gloves)
SustAt .         Harm     .     (no boots)
MR     .....                    (no amulet)
Stlth  ++........               (no ring)
                                (no ring)

@: very slightly contaminated, not resistant to hostile enchantments, unstealthy
A: negative energy resistance 1, electricity resistance, unbreathing,
petrification resistance, rot immunity, AC +2
a: no special abilities


You were on level 2 of the Dungeon.
You were not hungry.

You visited 1 branch of the dungeon, and saw 2 of its levels.

You collected 58 gold pieces.

Inventory:

Hand Weapons
 g - a +0 club
 i - a +0 short sword (weapon)
 l - a +0 spear
 q - a +0 short sword of distortion
Missiles
 m - 39 stones (quivered)
Armour
 a - a +0 robe (worn)
 b - a +0 hat (worn)
 e - a +0 leather armour
Scrolls
 h - a scroll of random uselessness {unknown}
 k - 3 scrolls of identify {unknown}
 p - a scroll of fog {unknown}
Potions
 f - 2 potions of heal wounds {unknown}
 j - a potion of cancellation {unknown}
 n - a potion of ambrosia {unknown}
 o - a potion of cure mutation {unknown}
Books
 c - a book of Minor Magic

   Spells                             Type                      Level
   a - Magic Dart                     Conjuration                  1
   b - Blink                          Translocation                2
   c - Call Imp                       Summoning                    2
   d - Repel Missiles                 Charms/Air                   2
   e - Slow                           Hexes                        2
   f - Conjure Flame                  Conjuration/Fire             3
   g - Mephitic Cloud                 Conjuration/Poison/Air       3
Comestibles
 d - 3 bread rations


   Skills:
 + Level 0.2 Fighting
 + Level 1.7 Dodging
 + Level 2.3 Stealth
 + Level 3.4 Spellcasting
 + Level 1.2 Conjurations
 + Level 0.8 Summonings
 + Level 0.8 Translocations


You had 2 spell levels left.
You knew the following spells:

 Your Spells              Type           Power        Failure   Level  Hunger
a - Magic Dart            Conj           #...         12%         1    None
b - Call Imp              Summ           #.......     17%         2    ##.....
c - Blink                 Tloc           N/A          17%         2    ##.....


Dungeon Overview and Level Annotations

Branches:
Dungeon (2/15)

Altars:

Annotations:
D:2 Natasha


Innate Abilities, Weirdness & Mutations

You are resistant to torment.
Your stone body is resilient (AC +2).
You are immune to poison.
You resist negative energy.
You are resistant to electric shocks.
You can survive without breathing.
You are immune to petrification.
You are immune to rotting.


Message History

You are very lightly contaminated with residual magic.
The air around you crackles with energy!
Natasha claws you.
* * * LOW HITPOINT WARNING * * *
Casting: Magic Dart
Confirm with . or Enter, or press ? or * to list all spells.
Aiming: Magic Dart
Press: ? - help, Shift-Dir - straight line, f/p - Natasha
Aim: Natasha (moderately wounded)
The magic dart hits Natasha.
Natasha is heavily wounded.
Natasha barely misses you.
You are too injured to fight recklessly!
You are too injured to fight recklessly!
You hit Natasha but do no damage.
Natasha is heavily wounded.
Natasha howls an incantation.
Natasha's fingertips start to glow.
Natasha claws you.
You die...

#......# ####.###
#.# #.# ##+ #####.#
#... ##.....###
..... ###........#
......#......###.#
......h@#.....##.###
....................
........#.....##.##
......#.#.#...# #
.(...##..........
#...# #######.####
##+# .# .# .#


You could see Natasha.

Vanquished Creatures
  A bat (D:1)
  A giant cockroach (D:2)
  4 goblins (D:1)
  A hobgoblin (D:1)
  3 kobolds (D:1)
  A giant newt (D:1)
  3 rats (D:1)
14 creatures vanquished.

Notes
Turn   | Place    | Note
--------------------------------------------------------------
     0 | D:1      | Yawgmoth the Gargoyle Wizard began the quest for the Orb.
     0 | D:1      | Reached XP level 1. HP: 10/10 MP: 4/4
   300 | D:1      | Reached XP level 2. HP: 15/15 MP: 1/6
   396 | D:1      | Learned a level 2 spell: Call Imp
   399 | D:1      | Learned a level 2 spell: Blink
   892 | D:2      | Noticed Natasha
   899 | D:2      | Slain by Natasha

Vault maps used:
D:1:      shiori_shiawase
D:2:      kennysheep_the_goblin_king, led_sif_pool, uniq_natasha

Action                   || total
-------------------------++-------
Melee: Unarmed           ||     5
       Short sword       ||    12
 Cast: Magic Dart        ||    32
